 Dungeon Crawl Stone Soup version 0.27-a0-1273-gec92ba881d (webtiles) character file.

Game seed: 16226025522281408147

114234 bilbop the Grappler (level 16, -5/165 HPs)
             Began as a Troll Berserker on June 7, 2021.
             Was a High Priest of Trog.
             Slain by a jumping spider (9 damage)
             ... on level 2 of the Spider Nest on June 12, 2021.
             The game lasted 03:41:09 (25803 turns).

bilbop the Grappler (Troll Berserker)              Turns: 25803, Time: 03:41:10

Health: -5/165     AC: 19    Str: 29    XL:     16   Next: 15%
Magic:  22/22      EV:  6    Int:  5    God:    Trog [*****.]
Gold:   1827       SH:  0    Dex: 12    Spells: 15/15 levels left

rFire    . . .     SeeInvis .     - Unarmed
rCold    . . .     Faith    .   l - +2 kite shield {AC+3}
rNeg     . . .     Spirit   .   A - +0 acid dragon scales
rPois    +         Reflect  .   J - +1 hat of Wariness {Regen+}
rElec    .         Harm     .   s - +2 cloak
rCorr    +         Rampage  .   (gloves unavailable)
Will     +....                  (boots unavailable)
Stlth    +.........             B - amulet of the acrobat
HPRegen  2.37/turn              d - +4 ring of protection
MPRegen  0.18/turn              Z - ring of poison resistance

@: confused, lethally poisoned (-5 -> -28), on berserk cooldown, held, slowed,
very slow
A: large, unfitting armour, claws 3, regeneration 1, shaggy fur 1, tough skin 1
a: Renounce Religion, Berserk, Trog's Hand, Brothers in Arms


You were on level 2 of the Spider Nest.
You worshipped Trog.
Trog was extremely pleased with you.
You visited 4 branches of the dungeon, and saw 25 of its levels.
You also visited: Bailey and Ice Cave.

You collected 2369 gold pieces.
You spent 542 gold pieces at shops.

Inventory:

Hand Weapons
 b - a +7 hunting sling of venom
 M - the +10 dark maul {vorpal}
   (You took it off a two-headed ogre on level 2 of the Orcish Mines)

   It inflicts extra damage upon your enemies.
Missiles
 n - 68 sling bullets
Armour
 f - a scarf of repulsion
 l - a +2 kite shield of protection (worn)
 p - a +0 robe of willpower
 s - a +2 cloak (worn)
 A - +0 acid dragon scales (worn)
 I - a scarf of invisibility
 J - the +1 hat of Wariness (worn) {Regen+}
   (You acquired it on level 14 of the Dungeon)

   It increases your rate of health regeneration.
 L - a +1 robe of cold resistance
Jewellery
 c - an amulet of guardian spirit
 d - a +4 ring of protection (left claw)
 j - a ring of see invisible
 k - a +4 ring of evasion
 q - a +4 ring of evasion
 v - an amulet of faith
 z - a ring of fire
 B - an amulet of the acrobat (around neck)
 H - a ring of protection from fire
 R - a ring of protection from cold
 U - a ring of ice
 Z - a ring of poison resistance (right claw)
Wands
 m - a wand of mindburst (7)
 w - a wand of acid (20)
 E - a wand of iceblast (20)
 N - a wand of digging (14)
 O - a wand of flame (72)
 W - a wand of polymorph (25)
 Y - a wand of paralysis (17)
Scrolls
 a - a scroll of brand weapon
 g - 2 scrolls of fear
 h - 4 scrolls of fog
 i - 5 scrolls of magic mapping
 o - 5 scrolls of teleportation
 t - a scroll of holy word
 y - a scroll of blinking
 P - a scroll of summoning
 T - 2 scrolls of enchant armour
Potions
 e - 6 potions of heal wounds
 r - a potion of resistance {unknown}
 x - 6 potions of curing
 C - 2 potions of flight
 D - 3 potions of cancellation
 F - 2 potions of haste
 K - 5 potions of magic
 Q - 4 potions of might
 S - a potion of attraction {unknown}
 X - a potion of ambrosia


   Skills:
 + Level 11.8 Fighting
 + Level 7.9 Slings
 + Level 10.0 Dodging
 + Level 7.3 Stealth
 + Level 3.9 Shields
 * Level 13.2 Unarmed Combat
 + Level 10.4 Invocations


You had 15 spell levels left.
You didn't know any spells.
Your spell library was empty.

Dungeon Overview and Level Annotations

Branches:
Dungeon (15/15)            Temple (0/1) D:5            Lair (6/6) D:10
 Shoals (0/4) Lair:2       Spider (2/4) Lair:3        Slime (0/5) Lair:5
    Orc (2/2) D:11            Elf (0/3) Orc:2        Vaults (0/5) D:14
 Depths (0/5) D:15         Bailey (visited)           IceCv (visited)

Altars:
Ashenzari
Cheibriados
Dithmenos
Elyvilon
Gozag
Hepliaklqana
Makhleb
Okawaru
Ru
Trog
Uskayaw
Wu Jian
Xom
Yredelemnul
Beogh
Jiyva

Shops:
D:9 ?*   D:12 *=*[=   D:13 (   D:14 ?   Orc:2 ?=??

Portals:
Hell: Lair:6

Annotations:
D:15 Roxanne
Lair:1 3 runed translucent doors, Quschuilu's ghost, journeyman MiWz


Innate Abilities, Weirdness & Mutations

You are too large for most types of armour.
You have claws for hands.
Your natural rate of healing is unusually fast.
You are covered in fur. (AC +1)
You have tough skin. (AC +1)


Message History

You mangle the jumping spider!!
You kill the jumping spider!
Trog accepts your kill.
You hear an angry hiss.
The wolf spider hits you!
* * * LOW HITPOINT WARNING * * *
You block the wolf spider's attack.
The jumping spider leaps!
The wolf spider hits you.
* * * LOW HITPOINT WARNING * * *
The wolf spider bites you but does no damage.
The tarantella misses you.
The jumping spider leaps!
The tarantella misses you. The tarantella bites you!
* * * LOW HITPOINT WARNING * * *
You are confused.
The jumping spider pounces on you but does no damage.
The jumping spider barely misses you.
You barely miss the wolf spider.
The wolf spider is severely wounded.
The wolf spider hits you but does no damage.
The wolf spider bites you but does no damage.
The jumping spider leaps!
The tarantella closely misses you.
The jumping spider leaps!
The jumping spider pounces on you!
* * * LOW HITPOINT WARNING * * *
You are caught in a web!
The jumping spider closely misses you. The wolf spider hits you!
* * * LOW HITPOINT WARNING * * *
The wolf spider barely misses you.
The tarantella bites you but does no damage.
You struggle to detach yourself from the web.
A redback comes into view.
The jumping spider pounces on you!
* * * LOW HITPOINT WARNING * * *
The jumping spider bites you but does no damage.
The wolf spider hits you.
* * * LOW HITPOINT WARNING * * *
The wolf spider closely misses you. The redback bites you!
* * * LOW HITPOINT WARNING * * *
You are lethally poisoned!
The redback poisons you! The jumping spider pounces on you!
You die...

#.^#..##.#($
#..#.#..#..(#...#.(#### .#...
.........#.#(..#.##
..#.#......#...........###B)†)#
#..#.#.#....##..#....#...sss†##
..#...^#.#..s..##.........#s≈≈#
#....#...#...#.s#..^.....###≈##
...............ss##s#.#≈## ###
#..#.^.##..#..ss@s<..<≈##
.#.......#..°##s#..#.###
#.^#.....†..#.##..#..#
#.s^.$#..#..s^.>......#
#..##.#....#..#.#..#.≈≈#
s......^#.........#≈≈≈##
#.#...#....#..#....≈###
.#.!..##..#....≈..###
###..#.#.###..#≈#..


You could see an emperor scorpion, a wolf spider, 4 jumping spiders, a
tarantella and 2 redbacks.

Vanquished Creatures
  Agnes (D:14)
  An orc warlord (Orc:2)
  A juggernaut skeleton (D:15)
  An entropy weaver (Spider:2)
  2 dire elephants (Lair:6)
  Nessos (Orc:2)
  An ettin (Orc:2)
  A fire dragon (D:14)
  A quicksilver dragon zombie (D:15)
  Harold (D:10)
  A rakshasa (D:14)
  A hell beast (Lair:6)
  A catoblepas (Lair:5)
  A boulder beetle (D:15)
  7 hydras
  3 centaur warriors
  An ogre mage (D:15)
  2 dancing weapons (D:14)
  5 two-headed ogres
  15 death yaks
  A tengu warrior (D:13)
  A vampire mage (D:15)
  Urug (Orc:1)
  2 skeletal warriors (D:15)
  3 orc high priests (Orc:2)
  A wizard (Lair:6)
  2 orb spiders (Spider:1)
  6 orc knights
  4 deep elf pyromancers
  6 ugly things
  A necromancer (D:15)
  13 wolf spiders
  3 manticores
  4 orc sorcerers (Orc:2)
  9 cyclopes
  16 elephants
  15 cane toads
  2 torpor snails
  3 black mambas
  2 orange demons (Lair:6)
  A gargoyle (D:12)
  5 rime drakes
  An efreet (D:14)
  5 demonic crawlers
  2 unseen horrors
  3 yaktaurs (D:15)
  A freezing wraith (D:15)
  4 kobold demonologists
  3 ice devils (Lair:6)
  8 komodo dragons
  A hellwing (Lair:6)
  A red devil (Lair:6)
  3 trolls
  4 meliai
  A polar bear (shapeshifter) (D:14)
  A meliai (shapeshifter) (D:15)
  5 jumping spiders
  13 blink frogs
  2 polar bears
  7 slime creatures
  An ettin skeleton (D:15)
  31 redbacks
  A deep troll skeleton (D:15)
  A shadow (D:10)
  A spriggan (Lair:2)
  2 wraiths
  2 wyverns
  55 yaks
  Eustachio (D:4)
  12 basilisks
  7 tarantellas
  8 vampire mosquitoes
  A warg (Orc:1)
  3 hell hounds (Lair:6)
  An acid dragon (D:13)
  17 water moccasins
  6 ice beasts
  4 black bears
  17 orc warriors
  A sky beast (D:6)
  6 ogres
  A necrophage (D:5)
  A phantom (D:5)
  11 centaurs
  4 kobold brigands
  2 scorpions
  13 bullfrogs
  A gnoll sergeant (D:6)
  A water moccasin zombie (D:5)
  A wyvern skeleton (D:7)
  3 howler monkeys (D:12)
  2 electric eels
  A bullfrog zombie (D:5)
  5 centaur zombies
  A hound (D:5)
  A bullfrog skeleton (D:4)
  2 jellies
  11 orc priests
  2 centaur skeletons
  3 iguanas (D:5)
  19 orc wizards
  A howler monkey zombie (D:7)
  7 adders
  7 gnolls
  A shadow imp (D:8)
  2 ufetubi
  2 worms (D:2)
  5 dart slugs
  57 orcs
  A bat (D:2)
  2 endoplasms
  A giant cockroach (D:2)
  12 goblins
  3 hobgoblins
  10 jackals
  2 quokkas
  7 ball pythons
  3 frilled lizards
  38 kobolds
  4 rats
642 creatures vanquished.

Vanquished Creatures (collateral kills)
  An orc sorcerer (Orc:2)
  An orc knight (Orc:2)
  2 orc warriors
  2 orc priests (Orc:2)
6 creatures vanquished.

Vanquished Creatures (others)
  A bullfrog (D:7)
  An orc (D:7)
  A bush (Lair:5)
  32 fungi
  23 plants
  12 withered plants (D:15)
70 creatures vanquished.

Grand Total: 718 creatures vanquished

Notes
Turn   | Place    | Note
-------+----------+-------------------------------------------
     0 | D:1      | bilbop the Troll Berserker began the quest for the Orb.
     0 | D:1      | Reached XP level 1. HP: 22/22 MP: 0/0
   194 | D:1      | Reached XP level 2. HP: 29/29 MP: 1/1
   575 | D:1      | Found a faded altar of an unknown god.
   762 | D:2      | Reached skill level 1 in Invocations
   762 | D:2      | Reached XP level 3. HP: 36/36 MP: 2/2
   878 | D:2      | Reached ** piety under Trog
   913 | D:2      | Found an opulent altar of Gozag.
  1399 | D:3      | Found an iron altar of Okawaru.
  1412 | D:3      | Reached XP level 4. HP: 44/44 MP: 3/3
  1855 | D:3      | Found a hazy altar of Hepliaklqana.
  1860 | D:3      | Found a shimmering altar of Xom.
  1868 | D:3      | Found a bloodstained altar of Trog.
  1877 | D:3      | Found a white marble altar of Elyvilon.
  1888 | D:3      | Found a sacrificial altar of Ru.
  1896 | D:3      | Found a hide-covered altar of Uskayaw.
  1900 | D:3      | Found a broken altar of Ashenzari.
  2007 | D:4      | Found a snail-covered altar of Cheibriados.
  2041 | D:4      | Reached skill level 1 in Stealth
  2209 | D:4      | Noticed Eustachio
  2223 | D:4      | Killed Eustachio
  2224 | D:4      | Reached XP level 5. HP: 51/53 MP: 5/5
  2224 | D:4      | Reached XP level 6. HP: 59/61 MP: 6/6
  2519 | D:4      | Reached skill level 4 in Unarmed Combat
  2816 | D:5      | Entered Level 5 of the Dungeon
  2889 | D:5      | Reached skill level 1 in Slings
  3052 | D:5      | Reached XP level 7. HP: 67/67 MP: 7/7
  3106 | D:5      | Reached *** piety under Trog
  3398 | D:5      | Reached XP level 8. HP: 54/78 MP: 9/9
  3465 | D:5      | Found a staircase to the Ecumenical Temple.
  3753 | D:6      | Reached skill level 5 in Unarmed Combat
  4186 | D:6      | Found a shadowy altar of Dithmenos.
  4284 | D:6      | Reached XP level 9. HP: 85/85 MP: 11/11
  4591 | D:7      | Reached skill level 5 in Fighting
  4643 | D:7      | Reached skill level 6 in Unarmed Combat
  5151 | D:8      | Reached skill level 5 in Dodging
  5204 | D:8      | Reached **** piety under Trog
  5582 | D:9      | Reached skill level 5 in Invocations
  5597 | D:9      | Reached XP level 10. HP: 61/98 MP: 12/12
  5680 | D:9      | Found Etufid's Changing Room.
  5794 | D:9      | Found Oxiufie's Magic Scroll Shop.
  5913 | D:9      | Noticed a two-headed ogre
  5932 | D:9      | Killed a two-headed ogre
  6728 | D:10     | Entered Level 10 of the Dungeon
  6764 | D:10     | Found an ornate altar of the Wu Jian Council.
  6895 | D:10     | Reached skill level 7 in Unarmed Combat
  6943 | D:10     | Noticed Harold
  7010 | D:10     | Killed Harold
  7462 | D:10     | Found a staircase to the Lair.
  7489 | D:11     | Noticed a cyclops
  7496 | D:11     | Killed a cyclops
  7522 | D:11     | Reached XP level 11. HP: 109/109 MP: 14/14
  7611 | D:11     | Reached ***** piety under Trog
  7679 | D:11     | Noticed an orc knight
  7726 | D:11     | Killed an orc knight
  7766 | D:11     | HP: 5/109 [orc warrior/+0 war axe (8)]
  7771 | D:11     | HP: 4/109 [orc warrior/+0 war axe (13)]
  7879 | D:11     | Found a staircase to the Orcish Mines.
  7940 | D:11     | Found a frozen archway.
  7958 | D:11     | Upgraded the game from 0.27-a0-1228-gfd60fd639a to
                  | 0.27-a0-1232-gc6a4cbde82
  7959 | IceCv    | Entered an ice cave
  7959 | IceCv    | Noticed a white ugly thing
  8089 | D:11     | Killed a white ugly thing
  8320 | D:11     | Found a basalt altar of Yredelemnul.
  8756 | Lair:1   | Entered Level 1 of the Lair of Beasts
  8766 | Lair:1   | Found a runed translucent gate.
  8766 | Lair:1   | Found a runed translucent gate.
  8766 | Lair:1   | Found a runed translucent gate.
  8766 | Lair:1   | Noticed a minotaur
  8768 | Lair:1   | Noticed Quschuilu's ghost (journeyman MiWz)
  8936 | Lair:1   | Reached skill level 8 in Unarmed Combat
  9067 | Lair:1   | HP: 3/111 [komodo dragon (18)]
  9277 | Lair:1   | Received a gift from Trog
  9461 | Lair:1   | Reached skill level 5 in Slings
  9981 | Lair:2   | Noticed a death yak
  9983 | Lair:2   | Noticed a death yak
 10287 | Lair:2   | Noticed a death yak
 10296 | Lair:2   | Noticed a death yak
 10303 | Lair:2   | Killed a death yak
 10304 | Lair:2   | Reached XP level 12. HP: 94/122 MP: 16/16
 10305 | Lair:2   | Noticed a death yak
 10447 | Lair:2   | Killed a death yak
 10457 | Lair:2   | Killed a death yak
 10465 | Lair:2   | Killed a death yak
 10466 | Lair:2   | Reached skill level 5 in Stealth
 10468 | Lair:2   | HP: 3/122 [death yak (10)]
 10484 | Lair:2   | Killed a death yak
 10603 | Lair:2   | Found a staircase to the Shoals.
 11255 | Lair:3   | Noticed an eight-headed hydra
 11301 | Lair:3   | Killed an eight-headed hydra
 11515 | Lair:3   | Found a hole to the Spider Nest.
 12123 | Lair:4   | Noticed a death yak
 12123 | Lair:4   | Noticed a death yak
 12211 | Lair:4   | Reached skill level 9 in Unarmed Combat
 12333 | Lair:4   | Noticed a death yak
 12370 | Lair:4   | Killed a death yak
 13099 | Lair:4   | Noticed a death yak
 13110 | Lair:4   | Killed a death yak
 13118 | Lair:4   | Killed a death yak
 13123 | Lair:4   | Killed a death yak
 13124 | Lair:4   | Reached XP level 13. HP: 76/133 MP: 16/18
 13262 | Lair:4   | Reached skill level 10 in Fighting
 14423 | Lair:5   | Found a viscous altar of Jiyva.
 14424 | Lair:5   | Found a staircase to the Slime Pits.
 15237 | Lair:6   | Entered Level 6 of the Lair of Beasts
 15291 | Lair:6   | Reached skill level 10 in Unarmed Combat
 15870 | Lair:6   | Received a gift from Trog
 16143 | Lair:6   | Reached XP level 14. HP: 91/144 MP: 19/19
 16923 | Lair:6   | Found a burning altar of Makhleb.
 17285 | Lair:6   | Reached skill level 11 in Unarmed Combat
 17330 | Lair:6   | Found a gateway to Hell.
 17873 | D:12     | Found Emne's Jewellery Emporium.
 17875 | D:12     | Bought a ring of poison resistance for 220 gold pieces
 18165 | D:12     | Found Revue's Antique Armour Boutique.
 18418 | D:12     | Found Ruluofuxu's Jewellery Emporium.
 18610 | D:12     | Found Nuytiod's Assorted Antiques.
 18715 | D:12     | Found Cantag's Assorted Antiques.
 18984 | D:13     | Found a flagged portal.
 18996 | Bailey   | Entered a bailey
 19014 | Bailey   | Received a gift from Trog
 19019 | Bailey   | Noticed an orc warlord
 19151 | Bailey   | Found a runed translucent gate.
 19170 | Bailey   | Found a runed translucent gate.
 19179 | Bailey   | Found a runed translucent gate.
 19644 | D:13     | Found Idiphaig's Weapon Boutique.
 20030 | D:14     | Noticed Agnes
 20048 | D:14     | HP: 8/219 [Agnes/+1 lajatang of speed (24)]
 20051 | D:14     | Killed Agnes
 20157 | D:14     | Reached skill level 1 in Shields
 20291 | D:14     | Found a gate to the Vaults.
 20295 | D:14     | Found Paurorai's Magic Scroll Boutique.
 20347 | D:14     | Bought a scroll of identify for 30 gold pieces
 20347 | D:14     | Bought a scroll of identify for 30 gold pieces
 20347 | D:14     | Identified a scroll of acquirement
 20736 | D:14     | Reached XP level 15. HP: 102/154 MP: 21/21
 20993 | D:14     | Acquired the +1 hat of Wariness {Regen+}
 21005 | D:15     | Entered Level 15 of the Dungeon
 21165 | D:15     | Reached skill level 12 in Unarmed Combat
 21190 | D:15     | Paralysed by an ogre mage for 4 turns
 21498 | D:15     | Found a staircase to the Depths.
 21501 | D:15     | Identified Roxanne's Disquisition on Transformation
 21501 | D:15     | Noticed Roxanne
 21651 | D:15     | Received a gift from Trog
 21652 | D:15     | Found the +12 glaive of Prune {vorpal}
 21738 | D:15     | Reached skill level 10 in Invocations
 22124 | Orc:1    | Entered Level 1 of the Orcish Mines
 22273 | Orc:1    | Noticed Urug
 22283 | Orc:1    | Killed Urug
 22765 | Orc:2    | Entered Level 2 of the Orcish Mines
 22765 | Orc:2    | Found a staircase to the Elven Halls.
 23056 | Orc:2    | Found Adwipiosi's Jewellery Shoppe.
 23198 | Orc:2    | Noticed Nessos
 23226 | Orc:2    | Killed Nessos
 23415 | Orc:2    | Received a gift from Trog
 23846 | Orc:2    | Upgraded the game from 0.27-a0-1232-gc6a4cbde82 to
                  | 0.27-a0-1256-gced786f65e
 23871 | Orc:2    | Found Fofifagu's Magic Scroll Shoppe.
 23875 | Orc:2    | Found Cudean's Magic Scroll Shop.
 23883 | Orc:2    | Found Niuxt's Magic Scroll Shop.
 24096 | Orc:2    | Noticed an orc warlord
 24139 | Orc:2    | Killed an orc warlord
 24490 | Orc:2    | Upgraded the game from 0.27-a0-1256-gced786f65e to
                  | 0.27-a0-1273-gec92ba881d
 24564 | Orc:2    | Bought a scroll of identify for 30 gold pieces
 24564 | Orc:2    | Bought a scroll of identify for 30 gold pieces
 24564 | Orc:2    | Bought a scroll of identify for 30 gold pieces
 24564 | Orc:2    | Bought a scroll of identify for 30 gold pieces
 24564 | Orc:2    | Bought a scroll of identify for 30 gold pieces
 24564 | Orc:2    | Bought a scroll of enchant weapon for 112 gold pieces
 24865 | Spider:1 | Entered Level 1 of the Spider Nest
 25288 | Spider:1 | Reached skill level 13 in Unarmed Combat
 25363 | Spider:1 | Reached XP level 16. HP: 157/165 MP: 22/22
 25656 | Spider:2 | Reached ****** piety under Trog
 25656 | Spider:2 | Identified the +6 halberd "Ultimatum" {vorpal, *Rage
                  | Will++} (Trog gifted it to you on level 2 of the Spider
                  | Nest)
 25656 | Spider:2 | Received a gift from Trog
 25669 | Spider:2 | Reached skill level 10 in Dodging
 25803 | Spider:2 | HP: 4/165 [redback (11)]
 25803 | Spider:2 | Slain by a jumping spider

Illustrated notes

Levels and vault maps discovered:
D:1:      ebering_hopf_link, layout_loops_ring,
          hellmonk_ecumenical_altar_arch_garden, serial_aquarium,
          aquarium_bridge_island_small [aquarium_subvault_small_water,
          aquarium_subvault_bridge, aquarium_subvault_window,
          aquarium_subvault_bridge, aquarium_subvault_window],
          aquarium_bridge_square [aquarium_subvault_wall,
          aquarium_subvault_bridge, aquarium_subvault_wall,
          aquarium_subvault_bridge], aquarium_window_1, aquarium_window_fake,
          aquarium_window_3, aquarium_view_2e, aquarium_view_2d,
          aquarium_pool_double, minmay_crystal_water
D:2:      layout_loops_cross, basic_altar
D:3:      layout_rooms, okawaru_metal_pillars_1_2,
          grunt_temple_overflow_octagram, amcnicky_mini_rare_corridor_liquid
D:4:      layout_gridville, general_overflow_altar, uniq_eustachio
D:5:      layout_loops_ring, minmay_temple_entry_butterflies
D:6:      layout_gridville, nicolae_dithmenos_through_a_glass_darkly
D:7:      layout_rooms, lemuel_flame_loot_1
D:8:      layout_rooms
D:9:      layout_basic, nicolae_transmutations_shop, minmay_shop_grid_forest
D:10:     layout_loops_ring, lemuel_doored_altar, lair_entry_dummy,
          roderic_filled_cross, uniq_harold
D:11:     layout_basic, david_orc_5, portal_ice_cave_rime, minivault_25,
          lemuel_zombie_altar_yredelemnul
D:12:     layout_loops_ring, serial_shops, nicolae_shop_trees, shop,
          nicolae_shop_trees, kennysheep_mini_moat, kennysheep_little_box,
          small_statue_intersection
D:13:     layout_cross, enter_bailey_3, serial_shops, nicolae_shop_statue_plus
D:14:     layout_basic, erik_vaults_1, serial_shops, shop_scrolls,
          amcnicky_mini_pool_small, drop_trap, uniq_agnes
D:15:     gammafunk_depths_entry_grave, layout_rooms, gauntlet_entry_generic,
          grunt_decor_arrowhead, uniq_roxanne
Lair:1:   layout_regular_city, maelrawn_ghost_gauntlet_escape
Lair:2:   layout_hall_layers, elwin_shoals_entry_rocks,
          grunt_forest_large_clearing_hut, infiniplex_staircase_pool
Lair:3:   layout_long_grid, dummy_spider_entry, serial_bayou_shore_b
Lair:4:   layout_cave_pods
Lair:5:   layout_cellular_growth, slime_altar_1
Lair:6:   evil_forest, layout_regular_city, st_stairs_12,
          chequers_serial_rivers_micro_b
Spider:1: layout_spider_delve
Spider:2: layout_spider_delve, nicolae_spider_eight_legs, uniq_arachne,
          uniq_nikola
Orc:1:    layout_diamond_mine, uniq_urug
Orc:2:    st_orc_elflike, layout_diamond_mine,
          hellmonk_guarded_unrand_dark_maul, uniq_nessos

Skill      XL: |  1  2  3  4  5  6  7  8  9 10 11 12 13 14 15 16 |
---------------+-------------------------------------------------+-----
Invocations    | 1 2 3 4 5 6 7 8 9 10 | 10.4
Fighting       | 3 4 6 7 8 9 10 11 | 11.8
Dodging        | 3 4 5 6 7 8 9 10 | 10.0
Stealth        | 1 2 3 4 5 6 7 |  7.3
Unarmed Combat | 4 5 6 7 8 9 10 11 13 | 13.2
Slings         | 1 2 3 4 5 6 7 |  7.9
Shields        | 1 3 |  3.9

Action                   |  1- 3 |  4- 6 |  7- 9 | 10-12 | 13-15 | 16-18 || total
-------------------------+-------+-------+-------+-------+-------+-------++-------
Melee: Unarmed           |    87 |   117 |   275 |   533 |  1010 |    99 ||  2121
       Punch             |     5 |     2 |     6 |    31 |    30 |       ||    74
       Flail             |       |       |       |       |     3 |       ||     3
 Fire: Hunting sling     |       |     3 |     8 |   161 |   577 |     9 ||   758
Invok: Berserk           |       |       |     2 |     5 |    18 |     2 ||    27
       Brothers in Arms  |       |       |       |     1 |     1 |       ||     2
       Trog's Hand       |       |       |       |     1 |       |     1 ||     2
Evoke: Wand              |       |       |       |       |     4 |       ||     4
  Use: Scroll            |       |     7 |     2 |    11 |    21 |     2 ||    43
       Potion            |       |       |       |     1 |     4 |     2 ||     7
 Stab: Sleeping          |     1 |     1 |     3 |     5 |       |       ||    10
       Distracted        |       |       |     1 |     2 |     1 |       ||     4
Armor: Animal skin       |    28 |    78 |   139 |    44 |       |       ||   289
       Robe              |       |       |       |   119 |   183 |       ||   302
       Acid dragon scale |       |       |       |       |   327 |   136 ||   463
Dodge: Dodged            |    28 |    74 |   150 |   255 |   702 |   163 ||  1372
       Repelled          |       |     1 |       |       |       |       ||     1
Block: Kite shield       |       |       |       |       |   400 |   122 ||   522

Table legend: (Time is in decaauts)
 A = Elapsed time spent in this place.
 B = Non-inter-level travel time spent in this place.
 C = Inter-level travel time spent in this place.
 D = Time resting spent in this place.
 E = Time spent auto-exploring this place.
 F = Levels seen in this place.
 G = Mean time per level.
                   A        B        C        D        E       F      G
               +--------+--------+--------+--------+--------+-----+--------+
         Total |  25683 |  22580 |   3103 |   2529 |  13178 |  27 |  951.2 |
       Dungeon |  12809 |  11998 |    811 |    770 |   8185 |  15 |  853.9 |
          Lair |   9061 |   8010 |   1051 |   1538 |   4395 |   6 | 1510.2 |
   Spider Nest |    946 |    746 |    200 |     85 |    147 |   2 |  473.0 |
  Orcish Mines |   2534 |   1494 |   1040 |    134 |    424 |   2 | 1267.0 |
        Bailey |    322 |    322 |      0 |      0 |     27 |   1 |  322.0 |
      Ice Cave |      9 |      9 |      0 |      0 |      0 |   1 |    9.0 |
               +--------+--------+--------+--------+--------+-----+--------+

Top non-repeatable levels by time:
  Lair:6: 2305 daAuts
   Orc:2: 1811 daAuts
  Lair:5: 1703 daAuts
  Lair:4: 1634 daAuts
    D:11: 1412 daAuts
  Lair:2: 1364 daAuts
     D:9: 1311 daAuts
  Lair:1: 1157 daAuts
    D:15: 1015 daAuts
    D:13: 995 daAuts
    D:12: 959 daAuts
    D:14: 938 daAuts
  Lair:3: 896 daAuts
     D:5: 865 daAuts
     D:4: 859 daAuts
